 Dungeon Crawl Stone Soup version 0.27-a0-1071-ga85bd9520d (webtiles) character file.

Game seed: 7309295101051956346

245 funkygono the Firebug (level 6, -19/33 HPs)
             Began as a Gargoyle Fire Elementalist on Apr 24, 2021.
             Demolished by an ogre
             ... wielding a +0 giant spiked club
              (25 damage)
             ... on level 4 of the Dungeon.
             The game lasted 00:07:21 (4183 turns).

funkygono the Firebug (Gargoyle Fire Elementalist)  Turns: 4183, Time: 00:07:22

Health: -19/33     AC:  6    Str: 17    XL:     6   Next: 10%
Magic:  6/10       EV: 12    Int: 18    God:
Gold:   136        SH:  0    Dex: 10    Spells: 3/11 levels left

rFire    . . .     SeeInvis .   p - +0 falchion
rCold    . . .     Faith    .   (no shield)
rNeg     + . .     Spirit   .   a - +0 robe
rPois    ∞         Reflect  .   (no helmet)
rElec    +         Harm     .   (no cloak)
rCorr    .         Rampage  .   (no gloves)
Will     .....                  (no boots)
Stlth    ++........             (no amulet)
HPRegen  0.11/turn              l - +6 ring of strength
MPRegen  0.12/turn              (no ring)

@: no status effects
A: AC +4, negative energy resistance 1, electricity resistance, torment
resistance 1, unbreathing 1, petrification resistance
a: no special abilities


You were on level 4 of the Dungeon.
You visited 1 branch of the dungeon, and saw 4 of its levels.
You also visited: Sewer.

You collected 136 gold pieces.

Inventory:

Hand Weapons
 c - a +0 whip
 o - a +1 vorpal flail
 p - a +0 falchion (weapon)
Missiles
 d - 73 stones
Armour
 a - a +0 robe (worn)
 e - a +0 buckler
 f - a +0 leather armour
Jewellery
 l - a +6 ring of strength (left hand)
Wands
 q - a wand of iceblast (11)
Potions
 b - a potion of cancellation {unknown}
 g - a potion of curing {unknown}
 h - a potion of might {unknown}
 i - a potion of brilliance {unknown}
 j - a potion of mutation {unknown}
 k - a potion of heal wounds {unknown}
 m - a potion of berserk rage {unknown}


   Skills:
 + Level 0.4 Fighting
 + Level 0.7 Maces & Flails
 + Level 1.9 Dodging
 - Level 2.1 Stealth
 * Level 3.0 Spellcasting
 * Level 4.0 Conjurations
 * Level 4.4 Fire Magic


You had 3 spell levels left.
You knew the following spells:

 Your Spells              Type           Power      Damage    Failure   Level
a - Foxfire               Conj/Fire      68%        2x1d7     3%          1
b - Conjure Flame         Conj/Fire      17%        6-21      9%          3
c - Sticky Flame          Conj/Fire      17%        2d4       28%         4

Your spell library contained the following spells:

 Spells                   Type           Power      Damage    Failure   Level
 Inner Flame              Hex/Fire       10%        N/A       21%         3
 Fireball                 Conj/Fire      8%         3d6       63%         5


Dungeon Overview and Level Annotations

Branches:
Dungeon (4/15)              Sewer (visited)
 Temple: D:4-7

Altars:
Dithmenos
Okawaru
Xom


Innate Abilities, Weirdness & Mutations

Your stone body is resilient. (AC +4)
You are immune to poison.
You resist negative energy. (rN+)
You are resistant to electric shocks. (rElec)
You are resistant to unholy torment.
You can survive without breathing.
You are immune to petrification.


Message History

You conjure some foxfire!
The ball python hisses angrily.
Casting: Foxfire (safe; 3% risk of failure)
Confirm with . or Enter, or press ? or * to list all spells.
You conjure some foxfire!
The foxfire hits the ogre.
The ogre is lightly wounded.
The foxfire hits the ogre.
The ogre is moderately wounded.
Unknown command.
Casting: Foxfire (safe; 3% risk of failure)
Confirm with . or Enter, or press ? or * to list all spells.
You conjure some foxfire!
The foxfire hits the ogre.
The ogre is moderately wounded.
The ball python bites you. The ball python closely misses you.
Your foxfire dissipates!
Unknown command.
Casting: Foxfire (safe; 3% risk of failure)
Confirm with . or Enter, or press ? or * to list all spells.
You conjure some foxfire!
The foxfire hits the ogre.
The ogre is heavily wounded.
The foxfire hits the ogre.
The ogre is severely wounded.
The ogre hits you with a +0 giant spiked club!!
Ouch! That really hurt!
* * * LOW HITPOINT WARNING * * *
The ball python closely misses you. x2
Your foxfire dissipates!
The foxfire hits the ogre.
The ogre is almost dead.
The ball python bites you but does no damage.
The ball python grabs you. The ball python constricts you.
You escape the ball python's grasp.
There is a stone staircase leading up here.
Okay, then.
Casting: Foxfire (safe; 3% risk of failure)
Confirm with . or Enter, or press ? or * to list all spells.
You conjure some foxfire!
The ogre hits you with a +0 giant spiked club!!
Ouch! That really hurt!
You die...

.#..#.#..###....
_..............
.#......####...
...##.#.# #
#.#.# # #<# #
#S#
#.##.#O#######
#.....@v......
##....v.#.####
#......# #
#.....## #.....#
###.... #####


You could see an ogre (ally target) and a ball python.

Vanquished Creatures
  Purgy (Sewer)
  Jessica (D:2)
  3 adders
  A worm (D:3)
  2 dart slugs
  4 orcs (D:3)
  6 ball pythons
  7 endoplasms
  7 giant cockroaches
  7 goblins
  7 hobgoblins
  2 quokkas
  14 bats
  5 frilled lizards
  8 kobolds
  5 rats
80 creatures vanquished.

Vanquished Creatures (others)
  249 foxfires
249 creatures vanquished.

Grand Total: 329 creatures vanquished

Notes
Turn   | Place    | Note
-------+----------+-------------------------------------------
     0 | D:1      | funkygono the Gargoyle Fire Elementalist began the quest
                  | for the Orb.
     0 | D:1      | Reached XP level 1. HP: 10/10 MP: 3/3
   201 | D:1      | Reached XP level 2. HP: 14/15 MP: 0/5
   749 | D:1      | Reached XP level 3. HP: 19/19 MP: 1/6
  1315 | D:1      | Learned a level 3 spell: Conjure Flame
  1896 | D:2      | Noticed Jessica
  1905 | D:2      | Killed Jessica
  1906 | D:2      | Reached XP level 4. HP: 24/24 MP: 3/7
  2819 | D:3      | Found a faded altar of an unknown god.
  2835 | D:3      | Reached XP level 5. HP: 28/28 MP: 3/8
  2854 | D:3      | Found a glowing drain.
  2944 | Sewer    | Entered a sewer
  3001 | Sewer    | Learned a level 4 spell: Sticky Flame
  3028 | Sewer    | Noticed Purgy
  3052 | Sewer    | Killed Purgy
  3238 | D:3      | Reached XP level 6. HP: 32/32 MP: 5/10
  3513 | D:3      | Found a shadowy altar of Dithmenos.
  3855 | D:3      | Found a shimmering altar of Xom.
  4169 | D:4      | Found an iron altar of Okawaru.
  4183 | D:4      | Demolished by an ogre

Illustrated notes

Levels and vault maps discovered:
D:1:      heliophobic_arrival_ceremonial_halls, layout_basic
D:2:      layout_loops_corners, uniq_jessica
D:3:      layout_loops_corners, lemuel_tele_altar, overflow_temple_1_default,
          portal_sewer_entry_a, ebering_ecumenical_altar_ruins, minivault_14
D:4:      layout_loops_cross, okawaru_metal_pillars_1_2,
          minmay_misc_feat_secret_circle, kennysheep_doodads,
          dk_rats_in_the_wall

Skill      XL: |  1  2  3  4  5  6 |
---------------+-------------------+-----
Conjurations   | 3 4 |  4.0
Fire Magic     | 4 |  4.4
Spellcasting   | 3 |  3.0
Fighting       | |  0.4
Maces & Flails | |  0.7
Dodging        | |  1.9
Stealth        | |  2.1

Action                   |  1- 3 |  4- 6 || total
-------------------------+-------+-------++-------
Melee: Unarmed           |     1 |       ||     1
       Whip              |     7 |     6 ||    13
       Flail             |       |     6 ||     6
       Falchion          |       |     1 ||     1
 Cast: Foxfire           |    73 |    83 ||   156
  Use: Scroll            |       |     2 ||     2
Armor: Robe              |     9 |    12 ||    21
Dodge: Dodged            |    14 |    30 ||    44

Table legend: (Time is in decaauts)
 A = Elapsed time spent in this place.
 B = Non-inter-level travel time spent in this place.
 C = Inter-level travel time spent in this place.
 D = Time resting spent in this place.
 E = Time spent auto-exploring this place.
 F = Levels seen in this place.
 G = Mean time per level.
                   A        B        C        D        E       F      G
               +--------+--------+--------+--------+--------+-----+--------+
         Total |   4186 |   4090 |     96 |    149 |   3225 |   5 |  837.2 |
       Dungeon |   3949 |   3853 |     96 |    149 |   3040 |   4 |  987.2 |
         Sewer |    237 |    237 |      0 |      0 |    185 |   1 |  237.0 |
               +--------+--------+--------+--------+--------+-----+--------+

Top non-repeatable levels by time:
     D:1: 1350 daAuts
     D:3: 1305 daAuts
     D:2: 1252 daAuts
   Sewer: 237 daAuts
     D:4: 40 daAuts
